 Dungeon Crawl Stone Soup version 0.29.1-2-gbd0b4ee654 (webtiles) character file.

Game seed: 3477368689571473629

158 GorkyZ the Magician (level 5, -1/28 HPs)
             Began as a Deep Elf Air Elementalist on Nov 24, 2022.
             Killed from afar by Sigmund (8 damage)
             ... with a puff of flame
             ... on level 4 of the Dungeon.
             The game lasted 00:07:51 (3161 turns).

GorkyZ the Magician (Deep Elf Air Elementalist)     Turns: 3161, Time: 00:07:52

Health: -1/28      AC:  2    Str:  5    XL:     5   Next: 16%
Magic:  12/12      EV: 13    Int: 22    God:
Gold:   172        SH:  0    Dex: 15    Spells: 10/11 levels left

rFire   . . .      SeeInvis .   z - +1 short sword (venom)
rCold   . . .      Faith    .   (no shield)
rNeg    . . .      Spirit   .   a - +0 robe
rPois   .          Reflect  .   (no helmet)
rElec   .          Harm     .   (no cloak)
rCorr   .          Rampage  .   (no gloves)
Will    .....                   (no boots)
Stlth   +.........              (no amulet)
HPRegen 0.09/turn               (no ring)
MPRegen 0.13/turn               (no ring)

@: confused
A: no striking features
a: no special abilities


You were on level 4 of the Dungeon.
You visited 1 branch of the dungeon, and saw 4 of its levels.

You collected 172 gold pieces.

Inventory:

Hand Weapons
 c - a +0 dagger
 d - a +0 mace
 r - a +3 flail
 z - a +1 short sword of venom (weapon)
Armour
 a - a +0 robe (worn)
Jewellery
 y - a ring of flight
Scrolls
 e - 2 scrolls of teleportation {unknown}
 g - 2 scrolls of magic mapping {unknown}
 h - 2 scrolls of immolation {unknown}
 j - 3 scrolls of blinking {unknown}
 l - a scroll of enchant armour {unknown}
 m - 2 scrolls of identify {unknown}
 q - a scroll of enchant weapon {unknown}
 s - a scroll of butterflies {unknown}
 t - a scroll of amnesia {unknown}
 u - a scroll of fear {unknown}
 w - a scroll of vulnerability {unknown}
 x - a scroll of brand weapon {unknown}
Potions
 b - a potion of magic
 f - a potion of flight {unknown}
 i - a potion of lignification {unknown}
 k - a potion of might {unknown}
 n - a potion of degeneration {unknown}
 o - a potion of berserk rage {unknown}
 p - a potion of heal wounds {unknown}
 v - a potion of cancellation {unknown}
 A - a potion of curing {unknown}
 B - a potion of mutation {unknown}


   Skills:
 + Level 3.4 Dodging
 - Level 2.4 Stealth
 + Level 3.8 Spellcasting
 + Level 2.4 Conjurations
 + Level 2.1 Hexes
 + Level 1.7 Summonings
 + Level 1.8 Necromancy
 - Level 3.3 Air Magic


You had 10 spell levels left.
You knew the following spells:

 Your Spells              Type           Power      Damage    Failure   Level
a - Shock                 Conj/Air       68%        1d7       3%          1

Your spell library contained the following spells:

 Spells                   Type           Power      Damage    Failure   Level
 Static Discharge         Conj/Air       17%        3-6/arc   5%          2
 Swiftness                Air            19%        N/A       9%          3
 Conjure Flame            Conj/Fire      9%         6-21      21%         3
 Airstrike                Air            9%         2d(2-18)  28%         4
 Ignite Poison            Fire/Tmut/Pois 4%         N/A       34%         3
 Sticky Flame             Conj/Fire      9%         2d3       56%         4
 Chain Lightning          Conj/Air       8%         3d11      100%        9
 Fire Storm               Conj/Fire      4%         8d1       100%        9
 Shatter                  Erth           2%         3d6*      100%        9


Dungeon Overview and Level Annotations

Branches:
Dungeon (4/15)
 Temple: D:4-7

Altars:
Dithmenos

Annotations:
D:4 Sigmund


Message History

The zap misses the kobold.
You miscast Shock.
You are very lightly contaminated with residual magic.
Nothing appears to happen.
The zap hits the kobold but does no damage.
The zap hits the kobold.
You kill the kobold!
Your magical contamination has completely faded away.
Magic restored.
You see here a +0 club.
Found a dagger.
You now have 132 gold pieces (gained 3).
You now have 139 gold pieces (gained 7).
You now have 151 gold pieces (gained 12).
You now have 160 gold pieces (gained 9).
You now have 172 gold pieces (gained 12).
Sigmund the Dreaded comes into view.
He is wielding a +0 scythe and wearing a +2 robe of cold resistance.
The zap hits Sigmund.
Sigmund is lightly wounded.
Sigmund shouts!
The zap hits Sigmund.
Sigmund is moderately wounded.
Sigmund points at you and mumbles some strange words.
You are confused.
You're too confused to cast spells.
Sigmund gestures wildly while chanting.
Sigmund flickers and vanishes!
Deactivating autopickup; reactivate with Ctrl-A.
You feel less confused.
A magic dart appears from out of thin air!
The magic dart hits you!
A magic dart appears from out of thin air!
The magic dart hits you.
You are confused.
A magic dart appears from out of thin air!
The magic dart hits you!
* * * LOW HITPOINT WARNING * * *
A puff of flame appears from out of thin air!
The puff of flame hits you!
You die...

.....##.........####.##. ... ...
.######...........#........#....
.# #......#..........#..#.....
.# ###).#....#.......#........
.# #.##...##............ .. ##
####..##...........# #.##
#....##..#.......# ..@.
##......##......###...
##.#..@......{....#.#
###...#..##...........#
#.....#...###.........#
###...#....####...#####
#.#....#..####..#
###...##........#
#...###.......# ##..# ###.....#
#.## ##...##


There were no monsters in sight!

Vanquished Creatures
  A jelly (D:3)
  5 adders
  A worm (D:2)
  4 dart slugs
  4 orcs (D:3)
  3 endoplasms
  A giant cockroach (D:2)
  10 goblins
  5 hobgoblins
  4 jackals
  5 kobolds
  2 quokkas
  6 ball pythons
  6 bats
  2 frilled lizards
  7 rats
66 creatures vanquished.

Notes
Turn   | Place    | Note
-------+----------+-------------------------------------------
     0 | D:1      | GorkyZ the Deep Elf Air Elementalist began the quest for
                  | the Orb.
     0 | D:1      | Reached XP level 1. HP: 10/10 MP: 6/6
   176 | D:1      | Reached XP level 2. HP: 15/15 MP: 6/8
   306 | D:1      | Reached skill level 1 in Hexes
   418 | D:1      | Found a faded altar of an unknown god.
   785 | D:1      | Reached XP level 3. HP: 17/19 MP: 4/9
   944 | D:1      | Reached skill level 1 in Necromancy
  1102 | D:2      | Reached skill level 1 in Summonings
  1715 | D:2      | Reached XP level 4. HP: 20/24 MP: 2/11
  2690 | D:3      | Found a shadowy altar of Dithmenos.
  2779 | D:3      | Reached XP level 5. HP: 28/28 MP: 6/12
  3144 | D:4      | Noticed Sigmund
  3161 | D:4      | Killed from afar by Sigmund

Illustrated notes

Levels and vault maps discovered:
D:1:      dreamdust_arrival_beginning_and_end, layout_basic,
          basic_ecumenical_altar
D:2:      layout_loops_ring, nicolae_concentric_dashed_squares_wild,
          grunt_decor_fettered, minmay_circle_x
D:3:      layout_rooms, mainiacjoe_overflow_chevrons, hangedman_decor_points,
          interstate_on_off, nicolae_eternal_life, wad_floor_pattern_untrapped
D:4:      layout_cave_pools, ebering_ghost_sewer_d, nicolae_elevator_lobby_plus,
          uniq_sigmund

Skill      XL: |  1  2  3  4 |
---------------+-------------+-----
Hexes          | 1 2 |  2.1
Necromancy     | 1 |  1.8
Summonings     | 1 |  1.7
Conjurations   | 2 |  2.4
Dodging        | 3 |  3.4
Stealth        | |  2.4
Spellcasting   | |  3.8
Air Magic      | |  3.3

Action                   |  1- 3 |  4- 6 || total
-------------------------+-------+-------++-------
Melee: Dagger            |     2 |       ||     2
       Mace              |     2 |       ||     2
       Flail             |     2 |     2 ||     4
 Cast: Shock             |    84 |    41 ||   125
Armor: Robe              |     5 |     3 ||     8
Dodge: Dodged            |    19 |     3 ||    22
